AoeStats
← BottleDry

Arena

507589883Analyzed
4v4 RM · 13d ago on Sep 18, 2026· 42m 0s· 8 players
Game mode
Random Map
Map size
Large (8 player)
Population
200
Speed
Normal
Resources
Standard
Victory
Conquest
Starting age
Dark Age
Ending age
Imperial Age
RankedLock teamsTeams togetherTeam positionsShared explorationLock speedFull tech treeHidden civsTurbo modeCheats
Victory
Defeat
🇨🇴 Spanish · Colombia
969
+17
🇵🇪 Spanish · Peru
961
+17
🇦🇷 Hindustanis · Argentina
950
+18
🇺🇸 Spanish · United States
945
+18
🇹🇷 Bohemians · Türkiye
1065
-21
🇹🇷 Burgundians · Türkiye
1004
-18
🇹🇷 Wei · Türkiye
949
-16
🇬🇧 Persians · United Kingdom
931
-15
BottleDry
12:04 Feudal Age
13:50 Loom
16:13 Castle Age
14:00 Double-Bit Axe
14:17 Horse Collar
15:32 Stone Mining
15:35 Gold Mining
18:01 Bow Saw
20:08 Heavy Plow
23:27 Wheelbarrow
25:01 Hand Cart
28:34 Imperial Age
26:42 Padded Archer Armor
26:33 Fletching
27:51 Leather Archer Armor
28:13 Bodkin Arrow
28:48 Bloodlines
28:38 Husbandry
29:40 Conscription
29:53 Ring Archer Armor
30:05 Bracer
30:11 Town Watch
31:11 Guilds
30:44 Elite Conquistador
34:00 Onager
35:04 Onager
37:32 Chemistry
36:28 Cavalier
38:58 Light Cavalry
40:43 Hussar
41:47 Scale Barding Armor
41:52 Forging
TheCris
6:43 Loom
9:29 Feudal Age
16:35 Castle Age
24:32 Wheelbarrow
23:44 Town Watch
24:45 Stone Mining
24:59 Double-Bit Axe
25:39 Horse Collar
26:55 Hand Cart
26:55 Heavy Plow
28:08 Town Patrol
31:02 Imperial Age
30:00 Bow Saw
30:27 Stone Shaft Mining
30:28 Padded Archer Armor
32:10 Ballistics
32:16 Bloodlines
32:24 Leather Archer Armor
34:42 Ring Archer Armor
35:27 Chemistry
34:25 Gold Mining
35:47 Scale Barding Armor
36:31 Forging
36:23 Husbandry
35:44 Cavalier
36:31 Caravan
37:27 Conscription
38:30 Paladin
41:57 Chain Barding Armor
42:12 Iron Casting
FernetRush
10:13 Feudal Age
14:22 Castle Age
12:31 Horse Collar
13:22 Loom
14:04 Double-Bit Axe
17:00 Bow Saw
21:57 Wheelbarrow
22:07 Heavy Plow
22:37 Stone Mining
24:57 Hand Cart
25:46 Town Watch
28:24 Town Patrol
31:00 Imperial Age
28:45 Grand Trunk Road
28:40 Gold Mining
29:26 Stone Shaft Mining
29:17 Forging
29:13 Scale Barding Armor
29:53 Padded Archer Armor
31:05 Bloodlines
32:04 Gold Shaft Mining
33:21 Chemistry
32:55 Conscription
33:49 Two-Man Saw
32:20 Heavy Camel Rider
34:44 Chain Barding Armor
33:51 Imperial Camel Rider
38:12 Plate Barding Armor
38:14 Iron Casting
42:59 Blast Furnace
41:51 Fletching
42:20 Leather Archer Armor
Santísima TRINIDAD
10:31 Feudal Age
15:03 Castle Age
14:45 Double-Bit Axe
29:14 Gold Mining
30:45 Wheelbarrow
33:59 Imperial Age
31:15 Horse Collar
32:24 Hand Cart
31:55 Loom
36:33 Chemistry
36:29 Thumb Ring
37:21 Padded Archer Armor
37:11 Fletching
39:43 Bodkin Arrow
40:04 Leather Archer Armor
King of Negev
5:12 Loom
10:38 Feudal Age
11:00 Horse Collar
13:25 Double-Bit Axe
18:33 Castle Age
19:54 Heavy Plow
20:07 Bow Saw
20:23 Gold Mining
20:24 Stone Mining
23:49 Wheelbarrow
23:04 Town Watch
27:20 Hand Cart
31:06 Imperial Age
29:17 Gold Shaft Mining
30:02 Forging
29:57 Scale Barding Armor
30:05 Bloodlines
29:56 Husbandry
30:07 Tuntian
31:18 Ballistics
31:35 Iron Casting
32:35 Crop Rotation
32:30 Chain Barding Armor
32:59 Ming Guang Armor
32:55 Conscription
33:33 Parthian Tactics
34:18 Chemistry
33:47 Fletching
33:57 Padded Archer Armor
34:09 Thumb Ring
34:44 Bodkin Arrow
35:34 Leather Archer Armor
36:21 Blast Furnace
35:56 Bracer
37:10 Ring Archer Armor
36:39 Light Cavalry
38:39 Hussar
42:37 Hoardings
REALITY
8:44 Double-Bit Axe
8:49 Horse Collar
11:22 Feudal Age
17:21 Castle Age
16:10 Bow Saw
16:32 Scale Barding Armor
17:47 Forging
18:35 Husbandry
18:33 Loom
20:59 Two-Man Saw
20:05 Heavy Plow
22:58 Wheelbarrow
26:51 Stone Mining
26:54 Gold Mining
28:07 Stone Shaft Mining
28:11 Gold Shaft Mining
29:34 Chain Barding Armor
29:31 Cavalier
30:40 Hand Cart
30:10 Town Watch
34:11 Imperial Age
32:07 Burgundian Vineyards
32:26 Crossbowman
32:31 Elite Skirmisher
33:50 Iron Casting
33:06 Fletching
33:17 Padded Archer Armor
35:00 Ballistics
35:22 Crop Rotation
35:36 Conscription
36:52 Chemistry
35:51 Pikeman
36:34 Scale Mail Armor
37:36 Blast Furnace
36:39 Squires
36:24 Arson
38:34 Chain Mail Armor
38:37 Halberdier
necca
10:41 Feudal Age
11:03 Horse Collar
11:10 Double-Bit Axe
12:53 Wheelbarrow
13:26 Stone Mining
21:02 Castle Age
22:23 Hand Cart
30:38 Bow Saw
35:33 Town Watch
35:35 Loom
39:18 Husbandry
winter is coming
4:33 Loom
11:24 Feudal Age
17:04 Castle Age
15:37 Double-Bit Axe
15:55 Horse Collar
17:15 Wheelbarrow
17:45 Heavy Plow
19:24 Bow Saw
27:38 Imperial Age
28:08 Chemistry
28:15 Treadmill Crane
29:48 Two-Man Saw
29:42 Fletching
29:52 Padded Archer Armor
30:29 Elite Skirmisher
31:23 Forging
31:09 Bodkin Arrow
33:08 Ballistics
34:21 Leather Archer Armor
34:53 Bracer
35:41 Hand Cart
39:04 Ring Archer Armor
Connection lost

Rejoining the realm…

Still unreachable

The connection could not be restored.

Session expired

The server has moved on; the page needs a fresh start.